 Dungeon Crawl Stone Soup version 0.31-a0-496-g6f97920a28 (webtiles) character file.

Game seed: 7666726865366157922

297 randomguy2701 the Stinger (level 6, -1/36 HPs)
             Began as an Octopode Venom Mage on Aug 8, 2023.
             Slain by a black bear (6 damage)
             ... on level 4 of the Dungeon.
             The game lasted 00:04:47 (3772 turns).

randomguy2701 the Stinger (Octopode Venom Mage)     Turns: 3772, Time: 00:04:49

Health: -1/36      AC:  1    Str:  7    XL:     6   Next: 35%
Magic:  2/3        EV: 18    Int: 19    God:
Gold:   129        SH:  0    Dex: 13    Spells: 10/11 levels left

rFire   . . .        u - +10 shortbow "Ragup" {antimagic, Fly SInv}
rCold   . . .        (shield currently unavailable)
rNeg    . . .        (helmet restricted)
rPois   .            (no amulet)
rElec   .            c - +5 ring of evasion
rCorr   .            (no ring)
SInv    +            (no ring)
Will    .....        (no ring)
Stlth   ++++         (no ring)
HPRegen 0.26/turn    (no ring)
MPRegen 0.08/turn    (no ring)
                     (no ring)

%: no passive effects
@: flying, very slightly contaminated
A: almost no armour, amphibious, 8 rings, camouflage 1, gelatinous body 1,
(nimble swimmer 1), tentacles
a: no special abilities


You were on level 4 of the Dungeon.
You visited 1 branch of the dungeon, and saw 4 of its levels.

You collected 129 gold pieces.

Inventory:

Hand Weapons
 u - the +10 shortbow "Ragup" (weapon) {antimagic, Fly SInv}
   (You found it on level 4 of the Dungeon)

   SInv:      It lets you see invisible.
   Fly:       It grants you flight.
Jewellery
 c - a +5 ring of evasion (left tentacle)
Wands
 t - a wand of flame (22)
Scrolls
 b - 3 scrolls of identify
 d - 3 scrolls of fear
 f - a scroll of amnesia
 g - 4 scrolls of teleportation
 h - a scroll of acquirement {unknown}
 k - a scroll of immolation {unknown}
 l - a scroll of fog {unknown}
 q - a scroll of noise {unknown}
Potions
 a - a potion of magic
 e - a potion of berserk rage {unknown}
 i - a potion of haste {unknown}
 j - 2 potions of attraction {unknown}
 m - a potion of curing {unknown}
 n - a potion of brilliance {unknown}
 o - a potion of heal wounds {unknown}
 p - 2 potions of lignification {unknown}
 r - 3 potions of invisibility {unknown}
 s - 2 potions of enlightenment {unknown}
 v - a potion of degeneration {unknown}


   Skills:
 + Level 0.2 Fighting
 * Level 0.6 Ranged Weapons
 + Level 2.4 Dodging
 + Level 4.8 Stealth
 + Level 3.4 Spellcasting
 - Level 2.4 Transmutations
 + Level 5.3 Poison Magic


You had 10 spell levels left.
You knew the following spells:

 Your Spells              Type           Power      Damage    Failure   Level
a - Sting                 Tmut/Pois      72%        1d6       3%          1

Your spell library contained the following spells:

 Spells                   Type           Power      Damage    Failure   Level
 Poisonous Vapours        Pois/Air       26%        N/A       8%          2
 Olgreb's Toxic Radiance  Pois           23%        N/A       16%         4
 Lesser Beckoning         Tloc           6%         N/A       22%         2
 Mephitic Cloud           Conj/Pois/Air  10%        N/A       22%         3
 Gell's Gravitas          Tloc           3%         N/A       41%         3
 Teleport Other           Tloc           3%         N/A       41%         3


Dungeon Overview and Level Annotations

Branches:
Dungeon (4/15)
 Temple: D:4-7

Altars:

Annotations:
D:3 1 runed translucent door, Crazy Yiuf, Sigmund


Innate Abilities, Weirdness & Mutations

You cannot wear most types of armour.
You are amphibious.
You can wear up to eight rings at the same time.
Your skin changes colour to match your surroundings (Stealth+).
Your rubbery body absorbs attacks. (AC +1, EV +1)
((You are camouflaged when in or above water. (Stealth+)))
You have tentacles for arms and can constrict up to eight enemies at once.


Message History

The black bear is severely wounded.
The black bear barely misses you. The black bear claws you.
The black bear claws you! The black bear misses you. The black bear claws you.
The black bear barely misses you.
You are too injured to fight recklessly!
You are too injured to fight recklessly!
Casting: Sting (safe; 3% risk of failure)
Confirm with . or Enter, or press ? or * to list all spells.
Aiming: Sting (safe; 3% risk of failure)
Press: ? - help, Shift-Dir - straight line, f/p - black bear
Aim: a black bear (severely wounded, berserk, 81% to hit)
You miscast Sting.
You are very lightly contaminated with residual magic.
Nothing appears to happen.
The black bear barely misses you.
The black bear misses you. x2; The black bear completely misses you.
The black bear closely misses you. The black bear misses you.
Fire: u) +10 shortbow "Ragup" {antimagic, Fly SInv}
Press: ? - help, Shift-Dir - straight line, f/p - black bear
Aim: a black bear (severely wounded, berserk, 74% to hit)
You shoot an arrow. The arrow hits the black bear.
The black bear is severely wounded.
The black bear misses you. The black bear barely misses you.
The black bear closely misses you. The black bear bites you!
* * * LOW HITPOINT WARNING * * *
The black bear claws you.
* * * LOW HITPOINT WARNING * * *
The black bear closely misses you.
Casting: Sting (safe; 3% risk of failure)
Confirm with . or Enter, or press ? or * to list all spells.
Aiming: Sting (safe; 3% risk of failure)
Press: ? - help, Shift-Dir - straight line, f/p - black bear
Aim: a black bear (severely wounded, berserk, 81% to hit)
Okay, then.
Aiming: Throw Flame
Press: ? - help, Q - select action, (/) - cycle Shift-Dir - straight line, f/p - black bear
Aim: a black bear (severely wounded, berserk, 77% to hit)
The puff of flame hits the black bear.
The black bear is almost dead.
The black bear closely misses you. The black bear claws you.
You die...

. . ##.. .# ...# .# #... .# #..#
.# ######..# .####### #... ...
..†....####.####h#
.......#......##@################
.####.......#.##..........##.....
)...#..#.##.#.##.###...##.##.####
..#.........#.##.##....##.##.##..
#.###..#...........÷............#
#....[.#....#.##.........†...####
#.............##..........#......
..######...#####..#.#..####.#####
### #.).# #..#......##.#


You could see a black bear (berserk).

Vanquished Creatures
  A bullfrog (D:4)
  Ijyb (D:3)
  Natasha (thrice) (D:3)
  6 adders
  3 gnolls
  5 orcs
  A bat (D:2)
  3 endoplasms
  4 giant cockroaches (D:1)
  6 goblins
  6 hobgoblins
  5 ball pythons
  9 frilled lizards (D:2)
  3 kobolds
  4 rats
60 creatures vanquished.

Notes
Turn   | Place    | Note
-------+----------+-------------------------------------------
     0 | D:1      | randomguy2701 the Octopode Venom Mage began the quest for
                  | the Orb.
     0 | D:1      | Reached XP level 1. HP: 11/11 MP: 3/3
   133 | D:1      | Reached skill level 4 in Poison Magic
   301 | D:1      | Reached XP level 2. HP: 17/17 MP: 0/5
  1278 | D:1      | Reached XP level 3. HP: 11/21 MP: 1/6
  1423 | D:2      | Identified the +1 buckler "Duudday" {rC+ rCorr}
  1481 | D:2      | Reached XP level 4. HP: 16/27 MP: 1/7
  1600 | D:2      | Found a faded altar of an unknown god.
  2068 | D:3      | Noticed Sigmund
  2191 | D:3      | Found a runed translucent door.
  2192 | D:3      | Noticed Crazy Yiuf
  2807 | D:3      | Noticed Natasha
  2817 | D:3      | Killed Natasha
  2818 | D:3      | Reached XP level 5. HP: 28/31 MP: 5/9
  3160 | D:3      | Noticed Ijyb
  3171 | D:3      | Killed Ijyb
  3287 | D:3      | Noticed Natasha
  3294 | D:3      | Killed Natasha
  3342 | D:3      | Noticed Natasha
  3349 | D:3      | Killed Natasha
  3350 | D:3      | Reached skill level 5 in Poison Magic
  3475 | D:4      | Identified the +10 shortbow "Ragup" {antimagic, Fly SInv}
  3511 | D:4      | Reached XP level 6. HP: 36/36 MP: 3/10
  3762 | D:4      | Noticed a black bear
  3772 | D:4      | Slain by a black bear

Illustrated notes

Levels and vault maps discovered:
D:1:      giann_bridges, layout_basic, roderic_serpentine_path,
          minmay_misc_feat_four_crosses, minmay_worlds_worst_comb
D:2:      layout_rooms, shapermc_ecumenical_altar_venn,
          dreamdust_princess_bridge, minmay_lizard_king
D:3:      layout_basic, nicolae_figureground_pulse, uniq_sigmund,
          uniq_crazy_yiuf_cottage, uniq_ijyb, uniq_natasha
D:4:      layout_loops_cross, chequers_serial_rivers_small_3

Skill      XL: |  1  2  3  4  5 |
---------------+----------------+-----
Poison Magic   | 4 5 |  5.3
Stealth        | 3 4 |  4.8
Transmutations | 2 |  2.4
Spellcasting   | 3 |  3.4
Fighting       | |  0.2
Ranged Weapons | |  0.6
Dodging        | |  2.4

Action                     |  1- 3 |  4- 6 || total
---------------------------+-------+-------++-------
  Melee: Unarmed           |    10 |     6 ||    16
         Constrict         |     4 |     2 ||     6
         Tentacles         |     2 |     2 ||     4
   Fire: Shortbow          |       |    18 ||    18
   Cast: Sting             |    36 |    76 ||   112
  Evoke: Wand              |       |     1 ||     1
    Use: Scroll            |       |     3 ||     3
 Armour: Skin              |       |     4 ||     4
  Dodge: Dodged            |    24 |    48 ||    72

Table legend: (Time is in decaauts)
 A = Elapsed time spent in this place.
 B = Non-inter-level travel time spent in this place.
 C = Inter-level travel time spent in this place.
 D = Time resting spent in this place.
 E = Time spent auto-exploring this place.
 F = Levels seen in this place.
 G = Mean time per level.
                   A        B        C        D        E       F      G
               +--------+--------+--------+--------+--------+-----+--------+
         Total |   3783 |   3681 |    102 |      0 |   3265 |   4 |  945.8 |
       Dungeon |   3783 |   3681 |    102 |      0 |   3265 |   4 |  945.8 |
               +--------+--------+--------+--------+--------+-----+--------+

Top non-repeatable levels by time:
     D:3: 1413 daAuts
     D:1: 1308 daAuts
     D:2: 735 daAuts
     D:4: 326 daAuts
